 Dungeon Crawl Stone Soup version 0.18-a0-1577-gf591c28 (webtiles) character file.

137 Duffy the Insei (level 5, 36/41 HPs)
             Began as a Demonspawn Monk on Mar 18, 2016.
             Quit the game in a sewer.
             The game lasted 00:02:42 (2381 turns).

Duffy the Insei (Demonspawn Monk)                   Turns: 2381, Time: 00:02:42

Health: 36/41      AC:  6    Str: 13    XL:     5   Next: 0%
Magic:  5/5        EV: 10    Int: 11    God:
Gold:   120        SH:  2    Dex: 15    Spells: 0 memorised, 4 levels left

rFire  . . .     SeeInvis .       - Unarmed
rCold  . . .     Gourm    .     o - +0 scale mail
rNeg   . . .     Faith    .     (no shield)
rPois  .         Spirit   +     (no helmet)
rElec  .         Dismiss  .     (no cloak)
rCorr  .         Reflect  +     (no gloves)
SustAt .         Harm     .     (no boots)
MR     .....                    k - +2 amulet of reflection
Stlth  ..........               (no ring)
                                (no ring)

@: not resistant to hostile enchantments, extremely unstealthy
A: claws 1, hooves 1, demonic guardian 1, magic shield
a: no special abilities


You were in a sewer.
You were hungry.

You visited 1 branch of the dungeon, and saw 3 of its levels.
You also visited: Sewer.

You collected 120 gold pieces.


Innate Abilities, Weirdness & Mutations

You have sharp fingernails.
You have large cloven feet.
A weak demonic guardian rushes to your aid.
When hurt, damage is shared between your health and your magic reserves.


   Skills:
 - Level 3.0 Fighting
 - Level 2.6 Dodging
 - Level 1.7 Stealth
 + Level 5.7 Unarmed Combat


You had 4 spell levels left.
You didn't know any spells.

Inventory:

Hand Weapons
 s - a cursed -3 blowgun
Missiles
 i - 22 poisoned needles
Armour
 a - a +0 robe
 d - a +0 ring mail
 o - a +0 scale mail (worn)
Jewellery
 k - a +2 amulet of reflection (around neck)
Scrolls
 c - 4 scrolls of remove curse
 e - 3 scrolls of identify
 f - a scroll of teleportation {unknown}
 h - a scroll of enchant weapon {unknown}
 l - a scroll of enchant armour {unknown}
 n - 2 scrolls of noise {unknown}
 p - 2 scrolls of fog {unknown}
 u - a scroll of fear {unknown}
Potions
 g - 2 potions of flight
 j - a potion of curing
 r - a potion of mutation {unknown}
 t - a potion of magic {unknown}
 v - a potion of heal wounds {unknown}
Comestibles
 b - 4 bread rations
 m - a meat ration
 q - a beef jerky

Dungeon Overview and Level Annotations

Branches:
Dungeon (3/15)

Altars:
Nemelex Xobeh


Message History

The ooze hits you but does no damage.
Your unstable footing causes you to fumble your attack.
The ooze hits you.
You claw the ooze!
The ooze is heavily wounded.
The ooze splashes around in the water.
You claw the ooze!
You kill the ooze!
No target in view!
No target in view!
No target in view!
No target in view!
No target in view!
No target in view!
No target in view!
No target in view!
No target in view!
A kobold comes into view. It is wielding a whip.
The kobold throws a stone.
The stone hits you.
Found a green potion.
You see here a stone.
A kobold comes into view.
The kobold shouts!
The kobold throws a stone.
The stone hits you.
The kobold throws a stone.
The stone hits you but does no damage.
You see here 2 stones.
The kobold throws a stone.
The stone completely misses you.
You see here a stone.
The kobold hits you but does no damage.
You claw the kobold!
You kill the kobold!
You have reached level 5!
Your demonic ancestry asserts itself...
You feel the presence of a demonic guardian.
Are you sure you want to abandon this character and quit the game? (Confirm with "yes".)

# ##### ##. ##.~~##
#...#####.....#####~..
#..!K@(.((..~.%~~~~...
#..!.#####.....#####...
###. ##.~.## # ##~##
#~# #~# ##### ##~##
##...## ##...##
#.....####~~~..#####.


You could see a kobold.

Action                   |  1- 3 |  4- 6 || total
-------------------------+-------+-------++-------
Melee: Unarmed           |   110 |    73 ||   183
  Use: Scroll            |       |     3 ||     3
 Stab: Sleeping          |     1 |       ||     1
  Eat: Chunk             |     2 |     2 ||     4

Notes
Turn   | Place    | Note
--------------------------------------------------------------
     0 | D:1      | Duffy the Demonspawn Monk began the quest for the Orb.
     0 | D:1      | Reached XP level 1. HP: 18/18 MP: 1/1
   280 | D:1      | Reached skill level 4 in Unarmed Combat
   280 | D:1      | Gained mutation: You have large cloven feet. [demonic ancestry]
   280 | D:1      | Reached XP level 2. HP: 24/24 MP: 2/2
   928 | D:2      | Found a sparkling altar of Nemelex Xobeh.
  1036 | D:2      | Gained mutation: You have sharp fingernails. [demonic ancestry]
  1036 | D:2      | Reached XP level 3. HP: 29/29 MP: 3/3
  1472 | D:2      | Reached skill level 5 in Unarmed Combat
  1640 | D:2      | Gained mutation: When hurt, damage is shared between your health and your magic reserves. [demonic ancestry]
  1640 | D:2      | Reached XP level 4. HP: 35/35 MP: 4/4
  2039 | D:3      | Found a glowing drain.
  2043 | Sewer    | Entered a sewer
  2380 | Sewer    | Gained mutation: A weak demonic guardian rushes to your aid. [demonic ancestry]
  2380 | Sewer    | Reached XP level 5. HP: 36/41 MP: 5/5
  2381 | Sewer    | Quit the game

Vault maps used:
D:1:      dpeg_arrival_tiny_d, patterned_corridor
D:2:      kennysheep_the_goblin_king, nemelex_xobeh_ov_fountains_minmay,
          minivault_4, minmay_splitting_lines, minmay_misc_feat_nine_boxes
D:3:      gup_sewer_entry_bowl, serial_park_tiny_2
Sewer:    sewer_co_15_rooms

Vanquished Creatures
  4 adders
  2 river rats
  4 oozes
  3 worms
  2 giant geckos
  A giant cockroach
  8 goblins
  6 hobgoblins
  6 jackals
  7 kobolds
  6 bats
  A giant newt
  8 rats
58 creatures vanquished.
